 Dungeon Crawl Stone Soup version 0.18.1-5-g4a78601 (webtiles) character file.

62 Goblin1989 the Caller (level 4, -22/22 HPs)
             Began as a Vine Stalker Summoner on May 12, 2016.
             Killed from afar by a giant newt (25 damage)
             ... with an exploding inner flame
             ... hexed by the player character
             ... on level 2 of the Dungeon.
             The game lasted 00:04:13 (1140 turns).

Goblin1989 the Caller (Vine Stalker Summoner)       Turns: 1140, Time: 00:04:14

Health: -22/22     AC:  5    Str: 14    XL:     4   Next: 8%
Magic:  0/8        EV: 13    Int: 16    God:
Gold:   66         SH:  0    Dex: 15    Spells: 1 memorised, 6 levels left

rFire  . . .     SeeInvis .     j - +0 flail
rCold  . . .     Gourm    .     a - +0 robe
rNeg   . . .     Faith    .     (no shield)
rPois  .         Spirit   +     (no helmet)
rElec  .         Dismiss  .     (no cloak)
rCorr  .         Reflect  .     (no gloves)
SustAt .         Harm     .     (no boots)
MR     .....                    (no amulet)
Stlth  ++........               d - +4 ring of strength
                                f - +3 ring of protection

@: not resistant to hostile enchantments, unstealthy
A: fangs 2, regeneration 1, magic shield, antimagic bite, no device heal 3, rot
immunity
a: no special abilities


You were on level 2 of the Dungeon.
You were very hungry.

You visited 1 branch of the dungeon, and saw 2 of its levels.

You collected 66 gold pieces.

Inventory:

Hand Weapons
 j - a +0 flail (weapon)
Armour
 a - a +0 robe (worn)
Jewellery
 d - a +4 ring of strength (right hand)
 f - a +3 ring of protection (left hand)
Scrolls
 i - a scroll of identify {unknown}
Potions
 g - 2 potions of magic {unknown}
 h - a potion of ambrosia {unknown}
Books
 b - a book of Callings

   Spells                             Type                      Level
   a - Summon Small Mammal            Summoning                    1
   b - Call Imp                       Summoning                    2
   c - Call Canine Familiar           Summoning                    3
   d - Summon Guardian Golem          Hexes/Summoning              3
   e - Summon Lightning Spire         Summoning/Air                4
   f - Summon Ice Beast               Ice/Summoning                4
Comestibles
 c - a bread ration


   Skills:
 + Level 1.2 Fighting
 + Level 2.4 Dodging
 - Level 2.4 Stealth
 - Level 2.2 Spellcasting
 - Level 4.6 Summonings


You had 6 spell levels left.
You knew the following spells:

 Your Spells              Type           Power        Failure   Level  Hunger
a - Summon Small Mammal   Summ           ###.         3%          1    #......


Dungeon Overview and Level Annotations

Branches:
Dungeon (2/15)

Altars:

Annotations:
D:2 Robin


Innate Abilities, Weirdness & Mutations

You have extremely sharp teeth.
Your natural rate of healing is unusually fast.
When hurt, damage is shared between your health and your magic reserves.
Your bite disrupts and absorbs the magic of your enemies.
Potions and wands cannot restore your health.
You are immune to rotting.


Message History

The creatures around you are filled with an inner flame!
It was a scroll of immolation.
The goblin hits you but does no damage. The hobgoblin hits you with a club.
The hobgoblin hits you but does no damage.
The giant newt bites you but does no damage.
You take 2 damage, and have 2/22 hp.
You barely miss the giant newt. You bite the giant newt. You drain its power.
You feel invigorated.
The hobgoblin hits you but does no damage.
The goblin hits you but does no damage. The hobgoblin closely misses you.
The giant newt misses you.
The hobgoblin hits you but does no damage.
The hobgoblin closely misses you. The goblin hits you but does no damage.
You regained 2 mp, and now have 4/8 mp.
You closely miss the giant newt. You bite the giant newt. You drain its power.
You feel invigorated.
The giant newt explodes!
The fiery explosion engulfs you!
Ouch! That really hurt!
You die...

## #.. .# #.#
###g.#
#.###gggg.##
######
#.§§@gggg...
.....# #
#.§##ggg..##
####.#
#.##..###K#..#
#.#
#......†..# .#
#.#
#####..#####
#.# #......#
#.####.###.##
#.......##.#
######..##..


You could see Robin (inner flame), 5 hobgoblins, 6 goblins and a kobold (inner
flame).

Vanquished Creatures
  Terence (D:2)
  2 dart slugs
  A giant gecko (D:2)
  6 bats
  5 goblins
  3 hobgoblins (D:1)
  4 kobolds
  4 giant newts
  7 rats
33 creatures vanquished.

Vanquished Creatures (collateral kills)
  An adder (D:2)
  2 giant geckos (D:1)
  A goblin (D:1)
4 creatures vanquished.

Grand Total: 37 creatures vanquished

Notes
Turn   | Place    | Note
--------------------------------------------------------------
     0 | D:1      | Goblin1989 the Vine Stalker Summoner began the quest for the Orb.
     0 | D:1      | Reached XP level 1. HP: 9/9 MP: 4/4
   104 | D:1      | Reached XP level 2. HP: 5/13 MP: 6/6
   491 | D:1      | Reached XP level 3. HP: 17/17 MP: 7/7
   672 | D:1      | You fall through a shaft!
   879 | D:2      | Found a faded altar to an unknown god.
   906 | D:2      | Noticed Terence
   999 | D:2      | Killed Terence
   999 | D:2      | Reached skill level 1 in Fighting
   999 | D:2      | Reached XP level 4. HP: 1/22 MP: 0/8
  1132 | D:2      | Noticed Robin
  1140 | D:2      | Killed from afar by a giant newt

Skill      XL: |  1  2  3 |
---------------+----------+-----
Dodging        | 2 |  2.4
Fighting       | 1 |  1.2
Stealth        | |  2.4
Spellcasting   | |  2.2
Summonings     | |  4.6

Action                   |  1- 3 |  4- 6 || total
-------------------------+-------+-------++-------
Melee: Unarmed           |   161 |       ||   161
       Bite              |    28 |     4 ||    32
       Flail             |       |    15 ||    15
 Cast: Summon Small Mamm |    11 |       ||    11
  Use: Scroll            |       |     1 ||     1
 Stab: Sleeping          |     2 |     1 ||     3
       Distracted        |     1 |       ||     1
Armor: Robe              |    56 |    11 ||    67
Dodge: Dodged            |   123 |    31 ||   154
